 Dungeon Crawl Stone Soup version 0.30.1-3-gfc49f6343a (webtiles) character file.

Game seed: 17141440002977118938

72 monsoonserge the Shooter (level 4, 0/37 HPs)
             Began as a Meteoran Hunter on July 20, 2023.
             Succumbed to an adder's poison
             ... on level 3 of the Dungeon.
             The game lasted 00:05:23 (900 turns).

monsoonserge the Shooter (Meteoran Hunter)           Turns: 900, Time: 00:05:23

Health: 0/37       AC:  3    Str: 12    XL:     4   Next: 77%
Magic:  5/5        EV: 13    Int: 10    God:
Gold:   23         SH:  0    Dex: 20    Spells: 3/3 levels left

rFire   + . .        b - +0 short sword
rCold   + . .        (no shield)
rNeg    . . .        c - +0 leather armour
rPois   +            (no helmet)
rElec   +            (no cloak)
rCorr   +            (no gloves)
SInv    .            (no boots)
Will    .....        (no amulet)
Stlth   +            (no ring)
HPRegen 0.26/turn    (no ring)
MPRegen 0.09/turn

%: no passive effects
@: lethally poisoned (0 -> -14), resistant, glowing
A: sense surroundings 1, otherworldly, glowing, explore regen
a: no special abilities


You were on level 3 of the Dungeon.
You visited 1 branch of the dungeon, and saw 4 of its levels.

You collected 59 gold pieces.
You spent 36 gold pieces at shops.

Inventory:

Hand Weapons
 a - a +0 shortbow
 b - a +0 short sword (weapon)
Armour
 c - a +0 leather armour (worn)
 i - a +0 chain mail
Jewellery
 n - a ring of wizardry
Scrolls
 d - a scroll of blinking {unknown}
 e - a scroll of immolation
 f - 6 scrolls of identify {unknown}
 j - 2 scrolls of fear {unknown}
 k - a scroll of butterflies {unknown}
 l - a scroll of noise {unknown}
 o - a scroll of fog {unknown}
Potions
 g - a potion of cancellation {unknown}
 h - 2 potions of resistance
 m - a potion of flight {unknown}
 p - a potion of curing {unknown}


   Skills:
 + Level 2.5 Fighting
 + Level 5.7 Ranged Weapons
 + Level 1.0 Armour
 + Level 2.7 Dodging
 + Level 0.7 Stealth


You had 3 spell levels left.
You didn't know any spells.
Your spell library contained the following spells:

 Spells                   Type           Power      Damage    Failure   Level
 Shock                    Conj/Air       0%         1d3       43%         1
 Swiftness                Air            0%         N/A       82%         3
 Airstrike                Air            0%         2d(0-16)  99%         4


Dungeon Overview and Level Annotations

Branches:
Dungeon (4/15) Zot: 1476
 Temple: D:4-7

Altars:

Shops:
D:1 *

Annotations:
D:3 rozman's ghost, weakling DsHW


Innate Abilities, Weirdness & Mutations

You passively map a small area around you.
You are easily found by Zot.
You glow in the dark.
You regain HP and MP as you explore.


Message History

Rozman's ghost casts a spell.
You shoot an arrow. The arrow hits the adder!
The adder is almost dead.
The adder closely misses you. The adder bites you.
You are poisoned.
The adder poisons you!
You shoot an arrow. The arrow barely misses the adder.
You feel sick.
Rozman's ghost mumbles some strange words.
The adder bites you.
You are more poisoned.
The adder poisons you! The adder barely misses you. x2
b - a +0 short sword (weapon)
You feel sick. The adder bites you.
You barely miss the adder.
The adder is almost dead.
You feel sick. The adder barely misses you. The adder bites you.
You are more poisoned.
The adder poisons you! The adder bites you but does no damage.
You completely miss the adder.
The adder is almost dead.
You feel very sick. The adder barely misses you. The adder bites you.
You are lethally poisoned!
The adder poisons you! The adder barely misses you.
You hit the adder but do no damage.
The adder is almost dead.
* * * LOW HITPOINT WARNING * * *
You feel very sick. The adder misses you.
The adder bites you but does no damage.
You hit the adder.
You kill the adder!
* * * LOW HITPOINT WARNING * * *
You feel very sick. The adder bites you.
* * * LOW HITPOINT WARNING * * *
You are more poisoned.
The adder poisons you!
It was a potion of resistance.
You feel protected.
You die...

# #.# # ##.##
####...#### ## ,
, ............,
,, .# , *
###.....####* .#
# ##...##
####.#####* #
##.## #........
#.# #######...#
* #.#
~)~55WS@..# +#*
#######...#
#.....# ,
#..##.###. * , ,
#.....>... , ,
####.....#####*
,
,+.............,
, ,
,####....##### *
, ##.#.#


You could see rozman's ghost, 2 cerulean imps and an adder.

Vanquished Creatures
  3 adders
  2 dart slugs (D:1)
  An orc (D:3)
  An endoplasm (D:3)
  2 giant cockroaches (D:2)
  A goblin (D:3)
  8 hobgoblins
  4 kobolds
  3 quokkas
  5 ball pythons
  3 bats
  4 frilled lizards
  A rat (D:2)
38 creatures vanquished.

Notes
Turn   | Place    | Note
-------+----------+-------------------------------------------
     0 | D:1      | monsoonserge the Meteoran Hunter began the quest for the
                  | Orb.
     0 | D:1      | Reached XP level 1. HP: 17/17 MP: 2/2
    95 | D:1      | Reached XP level 2. HP: 24/24 MP: 3/3
   155 | D:1      | Reached skill level 5 in Ranged Weapons
   181 | D:1      | Reached XP level 3. HP: 29/29 MP: 4/4
   221 | D:1      | Found Sujus's Assorted Antiques.
   233 | D:1      | Bought a scroll labelled JAEBEY YFUULAS for 18 gold pieces
   233 | D:1      | Bought a scroll labelled TIAPPU HEMITAI for 18 gold pieces
   525 | D:2      | Reached XP level 4. HP: 36/37 MP: 5/5
   825 | D:3      | Reached skill level 1 in Armour
   838 | D:3      | Found a faded altar of an unknown god.
   882 | D:3      | Found a runed translucent door.
   889 | D:3      | Noticed rozman's ghost (weakling DsHW)
   900 | D:3      | Succumbed to an adder's poison

Illustrated notes

Levels and vault maps discovered:
D:1:      minmay_arrival_diagonal_passages, layout_loops_ring, serial_shops,
          shop, serial_bayou_pond_e, kennysheep_nondescript, minivault_14,
          minmay_pentomino_p4
D:2:      layout_loops_ring
D:3:      layout_loops_corners, ebering_ecumenical_altar_hall,
          ebering_ghost_sewer_d, hex_medium
D:4:      layout_basic, lemuel_tele_altar

Skill      XL: |  1  2  3  4 |
---------------+-------------+-----
Ranged Weapons | 5 |  5.7
Armour         | 1 |  1.0
Fighting       | |  2.5
Dodging        | |  2.7
Stealth        | |  0.7

Action                     |  1- 3 |  4- 6 || total
---------------------------+-------+-------++-------
  Melee: Short sword       |    12 |     4 ||    16
   Fire: Shortbow          |    68 |    23 ||    91
    Use: Potion            |       |     1 ||     1
 Armour: Leather armour    |    12 |     4 ||    16
  Dodge: Dodged            |    27 |    12 ||    39
